AoeStats
← OmarRisLoz

Arabian Desert

510432902Analyzed
1v1 RM · 2d ago on Oct 1, 2026· 29m 55s· 2 players
Game mode
Random Map
Map size
Tiny (2 player)
Population
200
Speed
Normal
Resources
Standard
Victory
Conquest
Starting age
Dark Age
Ending age
Imperial Age
RankedLock teamsTeams togetherTeam positionsShared explorationLock speedFull tech treeHidden civsTurbo modeCheats
Victory
Defeat
🇲🇽 Magyars · Mexico
1070
+16
🇺🇸 Chinese · United States
1068
-16
J Cream
0:25 Loom
9:54 Feudal Age
11:15 Double-Bit Axe
21:07 Castle Age
26:02 Scale Mail Armor
29:27 Wheelbarrow
OmarRisLoz
8:08 Loom
10:31 Feudal Age
11:19 Double-Bit Axe
12:56 Horse Collar
18:30 Gold Mining
21:09 Castle Age
20:58 Bloodlines
22:27 Wheelbarrow
22:56 Scale Barding Armor
23:03 Bow Saw
23:50 Heavy Plow
25:22 Chain Barding Armor
25:09 Husbandry
27:29 Hand Cart
Connection lost

Rejoining the realm…

Still unreachable

The connection could not be restored.

Session expired

The server has moved on; the page needs a fresh start.